 Dungeon Crawl Stone Soup version 0.26.0-7-g794d0892b4 (webtiles) character file.

Game seed: 9778966624283479440

9016 Froggeryz the Impaler (level 11, -3/66 HPs)
             Began as a Tengu Abyssal Knight on Jan 11, 2021.
             Was an Elder of Lugonu.
             Slain by a cane toad (14 damage)
             ... on level 1 of the Lair of Beasts.
             The game lasted 00:17:46 (14455 turns).

Froggeryz the Impaler (Tengu Abyssal Knight)       Turns: 14455, Time: 00:17:47

Health: -3/66      AC: 10    Str: 17    XL:     11   Next: 39%
Magic:  13/13      EV: 13    Int: 12    God:    Lugonu [****..]
Gold:   294        SH:  5    Dex: 13    Spells: 10/10 levels left

rFire    . . .     SeeInvis .   C - +1 trident (curse)
rCold    . . .     Faith    .   w - +0 buckler
rNeg     . . .     Spirit   .   n - +0 scale mail
rPois    .         Reflect  .   (helmet restricted)
rElec    .         Harm     .   v - +1 cloak
rCorr    .         Rampage  .   q - +0 pair of gloves (curse)
Will     .....                  (boots unavailable)
Stlth    +.........             (no amulet)
HPRegen  0.21/turn              z - ring of stealth
MPRegen  0.13/turn              (no ring)

@: brilliant, flying quickly and evasively, quick
A: beak, talons 3, able to fly
a: Stop Flying, Renounce Religion, Depart the Abyss, Bend Space, Banish, Corrupt


You were on level 1 of the Lair of Beasts.
You worshipped Lugonu.
Lugonu was greatly pleased with you.
You visited 2 branches of the dungeon, and saw 10 of its levels.
You visited the Abyss 1 time.

You collected 621 gold pieces.
You spent 327 gold pieces at shops.

Inventory:

Hand Weapons
 o - a +2 halberd of protection
 C - a cursed +1 trident (weapon)
Missiles
 e - 18 poisoned darts (quivered)
 k - a throwing net
 m - 3 curare-tipped darts
Armour
 n - a +0 scale mail (worn)
 q - a cursed +0 pair of gloves (worn)
 t - a +4 chain mail of cold resistance
 v - a +1 cloak (worn)
 w - a +0 buckler (worn)
Jewellery
 z - a ring of stealth (left hand)
Wands
 a - a wand of flame (18)
 i - a wand of random effects (20)
 u - a wand of acid (5)
 x - a wand of polymorph (7)
 B - a wand of paralysis (13)
 D - a wand of disintegration (13)
Scrolls
 b - 3 scrolls of enchant armour
 c - 8 scrolls of remove curse
 d - a scroll of silence {unknown}
 f - 4 scrolls of teleportation
 h - 7 scrolls of identify
 r - 2 scrolls of fear {unknown}
 s - 2 scrolls of amnesia
 y - 2 scrolls of brand weapon {unknown}
 E - a scroll of blinking
Potions
 l - 3 potions of curing
 p - 5 potions of mutation


   Skills:
 + Level 6.8 Fighting
 - Level 15.0 Polearms
 + Level 5.1 Armour
 + Level 4.1 Dodging
 - Level 5.2 Shields
 - Level 1.5 Invocations


You had 10 spell levels left.
You didn't know any spells.
Your spell library contained the following spells:

 Spells                   Type           Power        Failure   Level
 Sandblast                Erth           0%           71%         1
 Passwall                 Tmut/Erth      0%           83%         2
 Stone Arrow              Conj/Erth      0%           97%         3
 Petrify                  Tmut/Erth      0%           100%        4
 Lee's Rapid Deconstruct  Erth           0%           100%        5


Dungeon Overview and Level Annotations

Branches:
Dungeon (9/15)             Temple (0/1) D:5            Lair (1/6) D:9
    Orc: D:9-12

Altars:
Elyvilon
Kikubaaqudgha
Makhleb
Nemelex Xobeh
Okawaru
Sif Muna
Trog
Uskayaw
Xom
Zin
The Shining One

Shops:
D:6 *::   D:8 [   D:9 !

Annotations:
D:4 3 runed translucent doors, OneTabMan's ghost, amateur GnWn
D:6 3 runed translucent doors, lasso's ghost, novice OpBr
Lair:1 exclusion: oklob plant


Innate Abilities, Weirdness & Mutations

You have a beak for a mouth.
You have claws for feet.
You can fly continuously.


Message History

The cane toad stings you but does no damage.
You feel much better. The basilisk gazes at you. You resist with some effort.
You block the cane toad's attack.
You closely miss the basilisk.
The basilisk is severely wounded.
The basilisk bites you. The cane toad barely misses you.
You hit the basilisk but do no damage.
You claw the basilisk, but do no damage.
Your peck misses the basilisk.
The basilisk is severely wounded.
The basilisk barely misses you.
You barely miss the basilisk. You claw the basilisk!
The basilisk is almost dead.
The cane toad stings you!!
* * * LOW HITPOINT WARNING * * *
You feel better. The cane toad closely misses you. The basilisk bites you!
* * * LOW HITPOINT WARNING * * *
You feel better. The cane toad stings you!
You die...

#...###§...........#....##
####....####.##.###......### .#
##...## ###.⌠.##.#.###..# )#
#....# #.....#.......# .####...##
##⌠.>..+...⌠...+ .>.⌠ #...#####
#..............#.... ....#
##..⌠.##.##.##..# ⌠.
#...###########..###.....####.##
..####..........@.###....#.....
..# #..........lF##.....#....#
..####?.................#.....#
...........##.....#.#...#.#..##
...........###....#.#.⌠.#.....#
..(........###....#.#...#....###
...........##.....#.....#.#..#P##
..###########....###.....##../..#
..# #### ##...P###+...#...†..#


You could see a cane toad and a basilisk.

Vanquished Creatures
  A hydra (Lair:1)
  A deep elf mage (D:9)
  Maurice (D:8)
  A rime drake (Lair:1)
  A cane toad (Lair:1)
  A komodo dragon (Lair:1)
  6 blink frogs (Lair:1)
  A wyvern (D:9)
  10 yaks
  2 basilisks (Lair:1)
  2 water moccasins (Lair:1)
  A black bear (D:8)
  3 sky beasts
  An ice beast (D:9)
  3 orc warriors
  2 phantoms
  3 ogres
  4 centaurs
  A big kobold (D:7)
  8 bullfrogs
  3 killer bees (D:7)
  7 wights
  A crimson imp (D:9)
  A centaur zombie (D:7)
  4 hounds
  A jelly (D:4)
  4 orc priests
  A bullfrog skeleton (D:7)
  2 centaur skeletons
  6 orc wizards
  2 iguanas
  3 worker ants
  A hound skeleton (D:4)
  8 adders
  10 gnolls
  2 shadow imps
  A white imp (D:5)
  An ufetubus (D:5)
  4 adder zombies
  2 worms
  3 dart slugs (D:3)
  7 leopard geckos
  42 orcs
  2 ball pythons (D:2)
  5 bats
  7 giant cockroaches
  6 goblins
  8 hobgoblins
  13 jackals
  4 frilled lizards
  A jackal skeleton (D:4)
  11 kobolds
  A leopard gecko zombie (D:6)
  5 rats
232 creatures vanquished.

Vanquished Creatures (collateral kills)
  A leopard gecko (D:7)
1 creature vanquished.

Vanquished Creatures (others)
  A blink frog (Lair:1)
  3 fungi (Lair:1)
  7 plants (Lair:1)
11 creatures vanquished.

Grand Total: 244 creatures vanquished

Notes
Turn   | Place    | Note
-------+----------+-------------------------------------------
     0 | Abyss:1  | Froggeryz the Tengu Abyssal Knight began the quest for the
                  | Orb.
     0 | Abyss:1  | Reached XP level 1. HP: 14/14 MP: 3/3
    50 | Abyss:1  | Noticed a cacodemon
    52 | D:1      | Escaped the Abyss
   162 | D:1      | Reached XP level 2. HP: 15/19 MP: 4/4
   231 | D:1      | Reached skill level 3 in Polearms
   336 | D:1      | Reached * piety under Lugonu
  1506 | D:2      | Found an ancient bone altar of Kikubaaqudgha.
  1511 | D:2      | Reached XP level 3. HP: 23/23 MP: 5/5
  1583 | D:2      | Reached skill level 4 in Polearms
  1848 | D:2      | Reached XP level 4. HP: 25/28 MP: 6/6
  1932 | D:2      | Noticed a centaur
  1937 | D:2      | Killed a centaur
  1938 | D:2      | Reached skill level 5 in Polearms
  1938 | D:2      | Gained mutation: You can fly continuously. [Tengu growth]
  1938 | D:2      | Reached XP level 5. HP: 24/32 MP: 7/7
  2657 | D:3      | Reached skill level 6 in Polearms
  2659 | D:3      | Reached ** piety under Lugonu
  2965 | D:3      | Noticed a sky beast
  2999 | D:3      | Killed a sky beast
  3000 | D:3      | Reached skill level 7 in Polearms
  3000 | D:3      | Reached XP level 6. HP: 27/37 MP: 8/8
  4469 | D:4      | Reached skill level 8 in Polearms
  4516 | D:4      | Reached XP level 7. HP: 37/41 MP: 9/9
  4595 | D:4      | Found a runed translucent gate.
  4595 | D:4      | Found a runed translucent gate.
  4596 | D:4      | Noticed OneTabMan's ghost (amateur GnWn)
  4598 | D:4      | Found a runed translucent gate.
  4809 | D:4      | Found a bloodstained altar of Trog.
  5258 | D:5      | Entered Level 5 of the Dungeon
  5325 | D:5      | Reached skill level 9 in Polearms
  5432 | D:5      | Found a staircase to the Ecumenical Temple.
  5790 | D:5      | Reached *** piety under Lugonu
  6073 | D:5      | Reached XP level 8. HP: 37/46 MP: 10/10
  6352 | D:5      | Reached skill level 10 in Polearms
  6957 | D:6      | Found Eczoiv's Book Emporium.
  7150 | D:6      | Found Fuaski's Book Shop.
  7410 | D:6      | Reached skill level 11 in Polearms
  7981 | D:6      | Found Muboxzuv's Assorted Antiques.
  7989 | D:6      | Bought a scroll labelled ECLOUR AMNOMP for 31 gold pieces
  7989 | D:6      | Bought 2 yellow potions for 55 gold pieces
  7989 | D:6      | Bought a bubbling cyan potion for 27 gold pieces
  8002 | D:6      | Found a runed translucent gate.
  8002 | D:6      | Found a runed translucent gate.
  8002 | D:6      | Found a runed translucent gate.
  8125 | D:6      | Noticed lasso's ghost (novice OpBr)
  8411 | D:7      | Reached skill level 12 in Polearms
  8411 | D:7      | Reached XP level 9. HP: 38/50 MP: 11/11
  8554 | D:7      | Found a shimmering altar of Xom.
  8857 | D:7      | Reached **** piety under Lugonu
  9765 | D:8      | Noticed Maurice
  9787 | D:8      | Killed Maurice
  9788 | D:8      | Reached skill level 5 in Fighting
  9788 | D:8      | Reached skill level 13 in Polearms
 10509 | D:8      | Found Ybiretzo's Antique Armour Shop.
 10514 | D:8      | Bought a buckler for 112 gold pieces
 10637 | D:9      | Found a staircase to the Lair.
 10785 | D:8      | Reached skill level 1 in Shields
 11011 | D:9      | Found a burning altar of Makhleb.
 11018 | D:9      | Reached XP level 10. HP: 59/59 MP: 12/12
 11059 | D:9      | Found a sparkling altar of Nemelex Xobeh.
 11547 | D:9      | Reached skill level 14 in Polearms
 11563 | D:9      | Found a glowing silver altar of Zin.
 11563 | D:9      | Noticed a deep elf mage
 11576 | D:9      | Killed a deep elf mage
 12215 | D:9      | Found Lealoagh's Distillery.
 12218 | D:9      | Bought a potion of heal wounds for 85 gold pieces
 12218 | D:9      | Bought a potion of degeneration for 17 gold pieces
 12280 | D:9      | Found a white marble altar of Elyvilon.
 12280 | D:9      | Found a hide-covered altar of Uskayaw.
 12280 | D:9      | Found a glowing golden altar of the Shining One.
 12282 | D:9      | Found an iron altar of Okawaru.
 12285 | D:9      | Found a shimmering blue altar of Sif Muna.
 12419 | Lair:1   | Entered Level 1 of the Lair of Beasts
 12458 | Lair:1   | Noticed a five-headed hydra
 12480 | Lair:1   | Killed a five-headed hydra
 12551 | Lair:1   | Reached skill level 15 in Polearms
 12871 | Lair:1   | Reached skill level 5 in Shields
 13039 | Lair:1   | Noticed an oklob plant
 13047 | Lair:1   | Reached XP level 11. HP: 64/64 MP: 13/13
 14092 | Lair:1   | Reached skill level 5 in Armour
 14453 | Lair:1   | HP: 3/66 [cane toad (21)]
 14455 | Lair:1   | Slain by a cane toad

Illustrated notes

Levels and vault maps discovered:
D:1:      wheals_arrival_linesprint, layout_loops_corners
D:2:      wander_river, layout_loops_corners, general_overflow_altar
D:3:      layout_basic, st_stairs_11, lemuel_another_geyser
D:4:      layout_basic, gammafunk_ghost_nasty_kobolds, eino_tiny_chamber,
          minmay_misc_feat_rows, trog_book
D:5:      layout_basic, minmay_temple_entry_statues_fountains, hex_medium
D:6:      layout_basic, gammafunk_ghost_necromancy, serial_shops,
          shop_fountains, shop, shop, minmay_strange_pillars
D:7:      layout_gridville, basic_altar
D:8:      layout_loops_corners, serial_shops, shop, hangedman_decor_push,
          uniq_maurice
D:9:      layout_irregular_city, nemelex_altar_shiori, minitemple,
          makhleb_grotto_becter, lair_entry_dummy, serial_shops, shop,
          david_defended_altar_elf
Lair:1:   layout_cellular_growth, grunt_megastairs_1, minmay_lair_oklob_chamber

Skill      XL: |  1  2  3  4  5  6  7  8  9 10 11 |
---------------+----------------------------------+-----
Polearms       | 3 4 5 7 8 9 12 13 15 | 15.0
Fighting       | 5 6 |  6.8
Shields        | 1 5 |  5.2
Armour         | 3 5 |  5.1
Dodging        | 4 |  4.1
Invocations    | |  1.5

Action                   |  1- 3 |  4- 6 |  7- 9 | 10-12 || total
-------------------------+-------+-------+-------+-------++-------
Melee: Spear             |    80 |   188 |   153 |       ||   421
       Peck              |    13 |    22 |    54 |    41 ||   130
       Kick              |    16 |    37 |    76 |    76 ||   205
       Halberd           |       |       |   262 |    51 ||   313
       Trident           |       |       |       |   250 ||   250
Throw: Dart              |       |       |    35 |    13 ||    48
Invok: Depart the Abyss  |     1 |       |       |       ||     1
 Abil: Fly               |       |     1 |       |       ||     1
Evoke: Wand              |       |       |     1 |    20 ||    21
  Use: Scroll            |       |       |    15 |     1 ||    16
       Potion            |       |       |       |     9 ||     9
 Stab: Sleeping          |     4 |     1 |       |       ||     5
       Paralysed         |       |       |       |    15 ||    15
Armor: Leather armour    |    12 |    12 |       |       ||    24
       Scale mail        |       |     4 |   122 |    40 ||   166
Dodge: Dodged            |    37 |    69 |   187 |    82 ||   375
Block: Buckler           |       |       |       |    23 ||    23
